 Dungeon Crawl Stone Soup version 0.20-a0-1126-g0f15420 (webtiles) character file.

46 Naow the Firebug (level 3, 0/21 HPs)
             Began as an Octopode Fire Elementalist on May 17, 2017.
             Killed from afar by Sigmund (10 damage)
             ... with a magic dart
             ... on level 2 of the Dungeon.
             The game lasted 00:02:24 (1505 turns).

Naow the Firebug (Octopode Fire Elementalist)       Turns: 1505, Time: 00:02:25

Health: 0/21       AC:  1    Str:  2    XL:     3   Next: 66%
Magic:  4/7        EV: 13    Int: 18    God:
Gold:   67         SH:  0    Dex: 12    Spells: 6/7 levels left

rFire    . . .     SeeInvis .   j - +0 dagger
rCold    . . .     Gourm    .   (no shield)
rNeg     . . .     Faith    .   (helmet restricted)
rPois    .         Spirit   .   (no amulet)
rElec    .         Reflect  .   e - ring of loudness (curse)
rCorr    .         Harm     .   k - -5 ring of strength (curse)
MR       .....                  (no ring)
Stlth    ++........             (no ring)
Regen    0.1/turn               (no ring)
MPRegen  0.1/turn               (no ring)
                                (no ring)
                                (no ring)

@: no status effects
A: almost no armour, stealthy swim, amphibious, 8 rings, constrict 8, camouflage
1, gelatinous body 1
a: no special abilities


You were on level 2 of the Dungeon.
You were not hungry.

You visited 1 branch of the dungeon, and saw 2 of its levels.

You collected 67 gold pieces.

Inventory:

Hand Weapons
 j - a +0 dagger (weapon)
Jewellery
 e - a cursed ring of loudness (left tentacle)
 k - a cursed -5 ring of strength (right tentacle)
Scrolls
 d - a scroll of magic mapping {unknown}
 g - 3 scrolls of enchant weapon {unknown}
 l - a scroll of recharging
Potions
 c - a potion of curing
 h - a potion of lignification {unknown}
 i - a potion of flight {unknown}
Books
 a - a book of Flames

   Spells                             Type                      Level
   a - Flame Tongue                   Conjuration/Fire             1
   b - Throw Flame                    Conjuration/Fire             2
   c - Conjure Flame                  Conjuration/Fire             3
   d - Inner Flame                    Hexes/Fire                   3
   e - Sticky Flame                   Conjuration/Fire             4
   f - Fireball                       Conjuration/Fire             5
Comestibles
 b - a bread ration
 f - 6 chunks of flesh


   Skills:
 - Level 2.0 Dodging
 - Level 2.6 Stealth
 + Level 2.7 Spellcasting
 + Level 1.9 Conjurations
 + Level 3.5 Fire Magic


You had 6 spell levels left.
You knew the following spells:

 Your Spells              Type           Power        Failure   Level  Hunger
a - Flame Tongue          Conj/Fire      ##...        5%          1    None


Dungeon Overview and Level Annotations

Branches:
Dungeon (2/15)

Altars:

Annotations:
D:2 Sigmund


Innate Abilities, Weirdness & Mutations

You cannot wear most types of armour.
You are very stealthy in the water. (Stealth+)
You are amphibious.
You can wear up to eight rings at the same time.
You can use your tentacles to constrict eight enemies at once.
Your skin changes colour to match your surroundings (Stealth+).
Your rubbery body absorbs attacks. (AC +1, EV +1)


Message History

Casting: Flame Tongue
Confirm with . or Enter, or press ? or * to list all spells.
Aiming: Flame Tongue
Press: ? - help, Shift-Dir - straight line, f/p - Sigmund
Aim: Sigmund, wielding a scythe of venom and wearing a runed robe (lightly wounded)
The flame tongue hits Sigmund.
Sigmund resists.
Sigmund is moderately wounded.
Sigmund points at you and mumbles some strange words.
The puff of flame hits you!
Ouch! That really hurt!
Casting: Flame Tongue
Confirm with . or Enter, or press ? or * to list all spells.
Aiming: Flame Tongue
Press: ? - help, Shift-Dir - straight line, f/p - Sigmund
Aim: Sigmund, wielding a scythe of venom and wearing a runed robe (moderately wounded)
The flame tongue hits Sigmund.
Sigmund resists.
Sigmund is moderately wounded.
Sigmund casts a spell at you. The magic dart hits you!
You die...

#) ###.##.# .....>#
...... #.#.########
####..........#
..............#
#..@.@....#
#..#.......
#####.#.##.###
#.....#.. #
#.###.######
#..........# ######
#######..###.#
.....# ...........#
.###.###########.#.#


You could see Sigmund.

Vanquished Creatures
  An adder (D:2)
  A dart slug (D:1)
  2 leopard geckos
  4 bats (D:1)
  4 giant cockroaches
  2 goblins (D:1)
  4 hobgoblins
  4 jackals (D:1)
  3 kobolds (D:1)
  3 rats
28 creatures vanquished.

Notes
Turn   | Place    | Note
-------+----------+-------------------------------------------
     0 | D:1      | Naow the Octopode Fire Elementalist began the quest for the Orb.
     0 | D:1      | Reached XP level 1. HP: 11/11 MP: 3/3
   287 | D:1      | Reached XP level 2. HP: 13/17 MP: 0/5
   921 | D:1      | Reached XP level 3. HP: 21/21 MP: 6/6
  1501 | D:2      | Noticed Sigmund
  1505 | D:2      | Killed from afar by Sigmund

Vault maps used:
D:1:      eino_arrival_water_cross
D:2:      uniq_crazy_yiuf_cottage, uniq_sigmund

Action                   || total
-------------------------++-------
Melee: Unarmed           ||    15
       Constrict         ||    12
       Tentacles         ||     5
       Dagger            ||    10
 Cast: Flame Tongue      ||    37
  Use: Potion            ||     2
       Scroll            ||     2
 Stab: Sleeping          ||     1
  Eat: Chunk             ||     2
Armor: Skin              ||     8
Dodge: Dodged            ||    23
